 Dungeon Crawl Stone Soup version 0.31.0-2-g5a2aebc5c2 (webtiles) character file.

Game seed: 17664676224707945000

36238 amentoraz the Geomancer (level 13, -9/63 HPs)
             Began as a Gargoyle Earth Elementalist on Jan 20, 2024.
             Was a Priest of Vehumet.
             Mangled by a white ugly thing (34 damage)
             ... on level 12 of the Dungeon.
             The game lasted 02:17:45 (24192 turns).

amentoraz the Geomancer (GrEE)                     Turns: 24192, Time: 02:17:45

Health: -9/63      AC: 18    Str: 11    XL:     13   Next: 89%
Magic:  13/30      EV: 18    Int: 20    God:    Vehumet [***...]
Gold:   894        SH:  5    Dex: 13    Spells: 23/38 levels left

rFire   + + .        u - +2 mace (protect)
rCold   . . .        (no shield)
rNeg    + . .        n - +0 robe {Will+}
rPois   ∞            (no helmet)
rElec   +            (no cloak)
rCorr   .            M - +1 pair of gloves
SInv    .            h - +0 pair of boots of the Platytaur {rElec rF++ Dex+3}
Will    ++...        m - amulet of reflection
Stlth   +++          x - +5 ring of evasion
HPRegen 0.30/turn    s - +4 ring of protection
MPRegen 0.22/turn

%: reflection
@: no status effects
A: sickness immunity, AC +9, negative energy resistance 1, electricity
resistance, torment resistance 1, petrification resistance, strong-willed 1,
mutation resistance 1, weak 1, MP-powered wands
a: Renounce Religion


You were on level 12 of the Dungeon.
You worshipped Vehumet.
Vehumet was most pleased with you.
You visited 4 branches of the dungeon, and saw 17 of its levels.
You also visited: Bailey.

You collected 894 gold pieces.

Inventory:

Hand Weapons
 l - the +4 mace of the Sage {drain, rC++}
   (You found it on level 11 of the Dungeon)

   rC++:      It greatly protects you from cold.
 u - a +2 mace of protection (weapon)
Armour
 a - a +0 robe
 h - the +0 pair of boots of the Platytaur (worn) {rElec rF++ Dex+3}
   (You acquired it on level 8 of the Dungeon)

   Dex+3:     It affects your dexterity (+3).
   rF++:      It greatly protects you from fire.
   rElec:     It insulates you from electricity.
 n - a +0 robe of willpower (worn)
 A - a +1 buckler of cold resistance
 M - a +1 pair of gloves (worn)
Jewellery
 m - an amulet of reflection (around neck)
 s - a +4 ring of protection (right hand)
 v - an amulet of magic regeneration
 x - a +5 ring of evasion (left hand)
 C - an amulet of guardian spirit
 I - a ring of flight
Wands
 B - a wand of quicksilver (3)
 J - a wand of mindburst (8)
 L - a wand of paralysis (13)
 N - a wand of flame (8)
 Q - a wand of roots (5)
Scrolls
 e - 3 scrolls of vulnerability
 f - 2 scrolls of amnesia
 i - a scroll of poison {unknown}
 p - 2 scrolls of noise
 y - 3 scrolls of enchant armour
 E - a scroll of teleportation
 H - 8 scrolls of enchant weapon
 K - a scroll of blinking {unknown}
 O - 2 scrolls of fear {unknown}
Potions
 b - 3 potions of magic
 c - a potion of berserk rage
 d - 4 potions of heal wounds
 g - a potion of attraction {unknown}
 j - 2 potions of lignification
 k - 5 potions of degeneration
 o - 7 potions of haste
 q - a potion of curing {unknown}
 r - 2 potions of enlightenment
 t - a potion of mutation
 w - 5 potions of might
 z - 3 potions of brilliance
 D - 2 potions of resistance
 F - a potion of ambrosia {unknown}
 G - 2 potions of cancellation


   Skills:
 + Level 4.9 Dodging
 + Level 7.1 Stealth
 * Level 13.0 Spellcasting
 + Level 10.8 Conjurations
 - Level 14.2 Earth Magic
 + Level 4.8 Evocations


You had 23 spell levels left.
You knew the following spells:

 Your Spells              Type           Power      Damage    Failure   Level
a - Sandblast             Erth           100%       2d20      0%          1
b - Stone Arrow           Conj/Erth      100%       3d13      1%          3
c - Petrify               Alch/Erth      41%        N/A       2%          4
d - Volatile Blastmotes   Fire/Tloc      26%        2d12      4%          3
e - Fulminant Prism       Conj/Alch      17%        3d10      1%          4

Your spell library contained the following spells:

 Spells                   Type           Power      Damage    Failure   Level
 Sting                    Conj/Alch      100%       1d9       1%          1
 Passwall                 Erth           63%        N/A       1%          3
 Brom's Barrelling Bould  Conj/Erth      58%        2d7       1%          4
 Iskenderun's Mystic Bla  Conj/Tloc      34%        2d8       1%          4
 Leda's Liquefaction      Alch/Erth      20%        N/A       2%          4
 Apportation              Tloc           26%        N/A       4%          1
 Necrotise                Necr           52%        1d6       4%          1
 Summon Small Mammal      Summ           52%        N/A       4%          1
 Frozen Ramparts          Ice            26%        1d4       4%          3
 Gell's Gravitas          Tloc           13%        N/A       16%         3
 Teleport Other           Tloc           13%        N/A       16%         3
 Tukima's Dance           Hex            13%        N/A       16%         3
 Dimensional Bullseye     Hex/Tloc       6%         N/A       45%         4
 Metabolic Englaciation   Hex/Ice        6%         N/A       80%         5
 Dispersal                Tloc           6%         N/A       100%        6


Dungeon Overview and Level Annotations

Branches:
Dungeon (12/15)            Temple (1/1) D:7            Lair (3/5) D:8
 Spider (1/4) Lair:2          Orc (0/2) D:11         Bailey (visited)
  Swamp: Lair:2-3    Shoals: Lair:2-3

Altars:
Ashenzari
Cheibriados
Dithmenos
Elyvilon
Fedhas
Gozag
Hepliaklqana
Kikubaaqudgha
Makhleb
Nemelex Xobeh
Okawaru
Qazlal
Ru
Sif Muna
Trog
Uskayaw
Vehumet
Xom
Yredelemnul
Zin
The Shining One

Shops:
D:4 :   D:8 [

Annotations:
D:5 Edmund, Eustachio
D:10 Urug
D:11 3 runed translucent doors, puimuR's ghost, journeyman HORe
D:12 3 runed translucent doors, Netaeli's ghost, journeyman SpAl


Innate Abilities, Weirdness & Mutations

You are immune to sickness and miasma.
Your stone body is resilient. (AC +9)
You are immune to poison.
You resist negative energy. (rN+)
You are resistant to electric shocks. (rElec)
You are resistant to unholy torment.
You are immune to petrification.
You are strong-willed. (Will+)
You are somewhat resistant to further mutation.
You are weak. (Str -2)
You expend magic power (3 MP) to strengthen your wands.


Message History

Confirm with . or Enter, or press ? or * to list all spells.
Aiming: Sandblast (safe; 0% risk of failure)
Press: ? - help, Shift-Dir - straight line, f/p - white ugly thing
Aim: a white ugly thing (moderately wounded, 85% to hit)
The blast of sand hits the white ugly thing but does no damage.
The white ugly thing is moderately wounded.
The white ugly thing barely misses you.
You block the white ugly thing's attack.
Casting: Sandblast (safe; 0% risk of failure)
Confirm with . or Enter, or press ? or * to list all spells.
Aiming: Sandblast (safe; 0% risk of failure)
Press: ? - help, Shift-Dir - straight line, f/p - white ugly thing
Aim: a white ugly thing (moderately wounded, 85% to hit)
The blast of sand misses the white ugly thing.
The white ugly thing pecks you but does no damage.
Casting: Sandblast (safe; 0% risk of failure)
Confirm with . or Enter, or press ? or * to list all spells.
Aiming: Petrify (dangerous; 2% risk of failure)
Press: ? - help, Shift-Dir - straight line, f/p - white ugly thing
Aim: a white ugly thing (moderately wounded, chance to affect: 50%)
The white ugly thing resists with some effort.
You block the white ugly thing's attack.
Casting: Petrify (dangerous; 2% risk of failure)
Confirm with . or Enter, or press ? or * to list all spells.
Aiming: Petrify (dangerous; 2% risk of failure)
Press: ? - help, Shift-Dir - straight line, f/p - white ugly thing
Aim: a white ugly thing (lightly wounded, chance to affect: 50%)
The white ugly thing resists with some effort.
The white ugly thing pecks you! The white ugly thing freezes you!!
Casting: Petrify (dangerous; 2% risk of failure)
Confirm with . or Enter, or press ? or * to list all spells.
Aiming: Sandblast (safe; 0% risk of failure)
Press: ? - help, Shift-Dir - straight line, f/p - white ugly thing
Aim: a white ugly thing (lightly wounded, 85% to hit)
The blast of sand hits the white ugly thing but does no damage.
The white ugly thing is lightly wounded.
The white ugly thing pecks you but does no damage.
The white ugly thing pecks you. The white ugly thing freezes you!!
Ouch! That really hurt!
You die...

...#..#######...####.#..≈#...≈#
...#..# #...# #.....#..≈#
..##..# #...# #.###..†.#≈
......# #...# #.......≈.#
#.##### ###...## ########.#####
#.# #......# ########.##... #.#
#.#....# #........##.## ..#
##....#u###.#####..##.## ###
#......@.........(......
...................###.##
##.....#........#..# #.##
###........#.....#..# #...
....................# ####
#...##.#..##....#..#
#.........##.......#
#.#.............##.#
#.##.....###.##.##.#


You could see a white ugly thing.

Vanquished Creatures
  3 two-headed ogres
  An orc knight (Bailey)
  A manticore (D:12)
  A cyclops (D:12)
  3 black mambas (Lair:1)
  2 ugly things
  A gargoyle (D:11)
  2 rime drakes
  Maggie (D:9)
  4 cane toads
  An unseen horror (D:11)
  2 kobold demonologists (D:10)
  A komodo dragon (Lair:1)
  A queen bee (D:10)
  4 trolls
  A tarantella (Lair:2)
  2 hornets (D:9)
  2 polar bears
  Grinder (D:4)
  16 blink frogs
  Sigmund (D:2)
  3 culicivoras (Lair:2)
  3 wraiths
  A shadow (D:10)
  3 basilisks
  11 yaks
  A redback (Lair:2)
  6 vampire mosquitoes
  2 acid dragons (D:10)
  6 water moccasins
  14 orc warriors
  2 black bears (D:7)
  A sky beast (D:6)
  7 centaurs
  An ogre (D:4)
  2 phantoms (D:6)
  Blork the orc (D:5)
  2 gnoll sergeants
  8 bullfrogs
  2 kobold brigands
  12 wights
  11 killer bees
  6 howler monkeys
  4 electric eels
  3 hounds
  3 jellies
  3 bombardier beetles
  9 orc priests
  3 iguanas
  A sleepcap (D:6)
  Jessica (D:2)
  13 orc wizards
  13 gnolls
  5 adders
  A white imp (D:6)
  5 dart slugs
  3 ribbon worms
  66 orcs
  5 ball pythons
  4 bats
  6 endoplasms
  3 giant cockroaches
  7 goblins
  7 hobgoblins
  11 jackals
  3 quokkas
  5 frilled lizards
  12 kobolds
  3 rats
355 creatures vanquished.

Vanquished Creatures (others)
  A fulminant prism (D:12)
1 creature vanquished.

Grand Total: 356 creatures vanquished

Notes
Turn   | Place    | Note
-------+----------+-------------------------------------------
     0 | D:1      | amentoraz the Gargoyle Earth Elementalist began the quest
                  | for the Orb.
     0 | D:1      | Reached XP level 1. HP: 10/10 MP: 3/3
   276 | D:1      | Reached XP level 2. HP: 15/15 MP: 3/5
   291 | D:1      | Reached skill level 4 in Earth Magic
   653 | D:1      | Reached XP level 3. HP: 19/19 MP: 4/6
   657 | D:1      | Learned a level 3 spell: Stone Arrow
  1186 | D:2      | Noticed Jessica
  1191 | D:2      | Killed Jessica
  1192 | D:2      | Reached XP level 4. HP: 12/24 MP: 4/8
  2027 | D:2      | Noticed Sigmund
  2034 | D:2      | Killed Sigmund
  2035 | D:2      | Reached skill level 5 in Earth Magic
  2035 | D:2      | Reached XP level 5. HP: 21/28 MP: 3/11
  2035 | D:2      | Reached XP level 6. HP: 24/32 MP: 3/12
  2357 | D:2      | Gained mutation: You are agile. (Dex +4, Str/Int -1)
                  | [potion of mutation]
  2357 | D:2      | Gained mutation: You are covered in fur. (AC +1) [potion of
                  | mutation]
  2357 | D:2      | Gained mutation: Your flesh is cold resistant. (rC+)
                  | [potion of mutation]
  2358 | D:2      | Lost mutation: You are covered in fur. (AC +1) [potion of
                  | mutation]
  2358 | D:2      | Lost mutation: You are agile. (Dex +4, Str/Int -1) [potion
                  | of mutation]
  2358 | D:2      | Lost mutation: Your flesh is cold resistant. (rC+) [potion
                  | of mutation]
  2358 | D:2      | Gained mutation: You have a pair of small horns on your
                  | head. [potion of mutation]
  2359 | D:2      | Lost mutation: You have a pair of small horns on your head.
                  | [potion of mutation]
  2359 | D:2      | Gained mutation: Your movements are slightly less
                  | encumbered by armour. (ER -2) [potion of mutation]
  2359 | D:2      | Gained mutation: You occasionally shout uncontrollably at
                  | your foes. [potion of mutation]
  2359 | D:2      | Gained mutation: You have large cloven feet. [potion of
                  | mutation]
  2749 | D:3      | Learned a level 4 spell: Petrify
  2877 | D:3      | Reached skill level 6 in Earth Magic
  3656 | D:4      | Found Pebuiw's Book Emporium.
  4136 | D:4      | Found an ancient bone altar of Kikubaaqudgha.
  4535 | D:4      | Reached XP level 7. HP: 36/36 MP: 8/13
  4912 | D:4      | Noticed Grinder
  4918 | D:4      | Killed Grinder
  4919 | D:4      | Reached skill level 5 in Spellcasting
  4919 | D:4      | Reached skill level 7 in Earth Magic
  5200 | D:5      | Entered Level 5 of the Dungeon
  5675 | D:5      | Found a hazy altar of Hepliaklqana.
  5678 | D:5      | Noticed Edmund
  5870 | D:5      | Noticed Eustachio
  5930 | D:5      | Noticed Blork the orc
  6109 | D:4      | Reached XP level 8. HP: 41/41 MP: 12/16
  6632 | D:6      | Reached skill level 8 in Earth Magic
  7184 | D:6      | Reached skill level 5 in Conjurations
  7184 | D:6      | Reached skill level 9 in Earth Magic
  7431 | D:6      | Reached XP level 9. HP: 28/45 MP: 9/19
  7610 | D:5      | Killed Blork the orc
  8110 | D:7      | Reached skill level 10 in Earth Magic
  8884 | D:7      | Lost mutation: Your movements are slightly less encumbered
                  | by armour. (ER -2) [potion of mutation]
  8884 | D:7      | Lost mutation: You occasionally shout uncontrollably at
                  | your foes. [potion of mutation]
  8884 | D:7      | Lost mutation: You have large cloven feet. [potion of
                  | mutation]
  8884 | D:7      | Gained mutation: Your magical capacity is low. (-10% MP)
                  | [potion of mutation]
  8884 | D:7      | Gained mutation: Your flesh is heat resistant. (rF+)
                  | [potion of mutation]
  8893 | D:7      | Found a staircase to the Ecumenical Temple.
  8906 | Temple   | Entered the Ecumenical Temple
  9003 | Temple   | Became a worshipper of Vehumet
  9291 | D:8      | Found Suocixzi's Antique Armour Emporium.
  9298 | D:8      | Identified a scroll of acquirement
  9298 | D:8      | Acquired the +0 pair of boots of the Platytaur {rElec rF++
                  | Dex+3}
  9316 | D:8      | Found a staircase to the Lair.
  9543 | D:8      | Found a shimmering blue altar of Sif Muna.
  9587 | D:8      | Found a flagged portal.
  9696 | Bailey   | Entered a bailey
  9983 | Bailey   | Lost mutation: Your magical capacity is low. (-10% MP)
                  | [potion of mutation]
  9983 | Bailey   | Lost mutation: Your flesh is heat resistant. (rF+) [potion
                  | of mutation]
  9983 | Bailey   | Gained mutation: Your spells are a little easier to cast,
                  | but a little less powerful. [potion of mutation]
  9983 | Bailey   | Gained mutation: Your magical capacity is low. (-10% MP)
                  | [potion of mutation]
  9983 | Bailey   | Lost mutation: Your spells are a little easier to cast, but
                  | a little less powerful. [potion of mutation]
 10352 | Bailey   | Reached skill level 11 in Earth Magic
 10352 | Bailey   | Reached XP level 10. HP: 50/50 MP: 16/20
 10378 | Bailey   | Reached * piety under Vehumet
 10378 | Bailey   | Offered knowledge of Magic Dart by Vehumet.
 10486 | Bailey   | Noticed an orc knight
 10688 | Bailey   | Killed an orc knight
 11079 | Bailey   | Acquired a ring of flight
 11814 | D:9      | Noticed a two-headed ogre
 11851 | D:9      | Killed a two-headed ogre
 11852 | D:9      | Reached skill level 12 in Earth Magic
 12040 | D:9      | Noticed a two-headed ogre
 12220 | D:9      | Noticed Maggie
 13287 | D:9      | Found a sacrificial altar of Ru.
 13416 | D:9      | Killed a two-headed ogre
 13417 | D:9      | Reached skill level 13 in Earth Magic
 13417 | D:9      | Reached XP level 11. HP: 51/54 MP: 13/22
 13549 | D:10     | Entered Level 10 of the Dungeon
 13553 | D:10     | Reached skill level 10 in Spellcasting
 13972 | D:10     | Noticed a sixfirhy
 14035 | D:10     | Noticed Urug
 14079 | D:9      | Killed Maggie
 14367 | D:10     | Noticed a purple ugly thing
 14502 | Lair:1   | Entered Level 1 of the Lair of Beasts
 16036 | Lair:1   | Offered knowledge of Momentum Strike by Vehumet.
 16292 | Lair:1   | Found a radiant altar of Vehumet.
 16428 | Lair:1   | Reached skill level 14 in Earth Magic
 17172 | Lair:2   | Reached ** piety under Vehumet
 17287 | Lair:1   | Reached skill level 1 in Evocations
 17639 | Lair:2   | Reached XP level 12. HP: 59/59 MP: 20/24
 17649 | Lair:2   | Lost mutation: Your magical capacity is low. (-10% MP)
                  | [potion of mutation]
 17649 | Lair:2   | Gained mutation: You expend magic power (3 MP) to
                  | strengthen your wands. [potion of mutation]
 17649 | Lair:2   | Gained mutation: You are strong-willed. (Will+) [potion of
                  | mutation]
 17649 | Lair:2   | Gained mutation: You are weak. (Str -2) [potion of
                  | mutation]
 17649 | Lair:2   | Gained mutation: You are somewhat resistant to further
                  | mutation. [potion of mutation]
 18287 | Lair:2   | Found a hole to the Spider Nest.
 18885 | Lair:3   | Noticed an eleionoma
 18961 | Lair:3   | Noticed a skyshark
 19011 | Spider:1 | Entered Level 1 of the Spider Nest
 19338 | Lair:1   | Reached skill level 10 in Conjurations
 19338 | Lair:1   | Reached XP level 13. HP: 63/63 MP: 27/29
 20201 | D:10     | Offered knowledge of Volatile Blastmotes by Vehumet.
 20206 | D:10     | Learned a level 3 spell: Volatile Blastmotes
 21223 | D:11     | Reached *** piety under Vehumet
 21711 | D:11     | Identified the +4 mace of the Sage {drain, rC++}
 21717 | D:11     | Found a runed translucent gate.
 21717 | D:11     | Found a runed translucent gate.
 21717 | D:11     | Found a runed translucent gate.
 21720 | D:11     | Noticed puimuR's ghost (journeyman HORe)
 21728 | D:11     | Identified the +0 plate armour "Vucvuyqu" {rPois Dex+3}
 21745 | D:11     | Identified the +0 ring mail of Noughts and Crosses {Dex+3}
 22171 | D:11     | Found a staircase to the Orcish Mines.
 23159 | D:12     | Offered knowledge of Fulminant Prism by Vehumet.
 23635 | D:11     | Learned a level 4 spell: Fulminant Prism
 23716 | D:12     | Found a runed translucent gate.
 23716 | D:12     | Found a runed translucent gate.
 23716 | D:12     | Found a runed translucent gate.
 23717 | D:12     | Noticed Netaeli's ghost (journeyman SpAl)
 24192 | D:12     | Mangled by a white ugly thing

Illustrated notes

Levels and vault maps discovered:
D:1:      dpeg_arrival_court, layout_basic, st_stairs_10,
          nicolae_figureground_sparkle
D:2:      layout_basic, uniq_jessica, uniq_sigmund
D:3:      layout_rooms, chequers_serial_rivers_small_3,
          minmay_misc_feat_hallway, kennysheep_generic_room_8
D:4:      minmay_skewed_foursquare, layout_loops_ring,
          nicolae_kikubaaqudgha_miasma_corner, serial_shops, shop,
          minmay_misc_feat_secret_circle, uniq_grinder
D:5:      nicolae_cairo_tiling, layout_loops_ring, mainiacjoe_overflow_catwalk,
          nicolae_overflow_crystal_walls, uniq_eustachio, uniq_edmund,
          uniq_blork_the_orc
D:6:      layout_basic
D:7:      layout_rooms, minmay_temple_entry_stoned_glass
D:8:      layout_basic, mainiacjoe_overflow_alcove_4, dpeg_oklobed_lair,
          serial_shops, nicolae_shop_statue_plus, enter_bailey_5
D:9:      layout_roguey, lemuel_crystal_altar, uniq_maggie
D:10:     layout_roguey, special_room [special_room_bee], uniq_urug
D:11:     layout_basic, david_orc_5, biasface_ghost_orc_armoury, serial_glass,
          glass_columns_b, glass_columns_a
D:12:     layout_loops_cross, gammafunk_ghost_spectres, portal_ice_cave_rime
Temple:   minmay_crystal_spiral_temple
Lair:1:   layout_gridlike, chequers_serial_rivers_large_b, lemuel_centaur_altar
Lair:2:   layout_cave_pods, spider_nest_entry_rubble
Lair:3:   layout_long_grid, alex1729_swamp_entry_worm_eleionoma,
          hangedman_lair_generics_rect, grunt_megastairs_4, lemuel_fruit_tree
Spider:1: layout_spider_delve, nicolae_spider_nooks_and_crannies

Skill      XL: |  1  2  3  4  5  6  7  8  9 10 11 12 13 |
---------------+----------------------------------------+-----
Earth Magic    | 4 5 6 7 9 11 13 14 | 14.2
Spellcasting   | 3 4 5 6 8 9 11 12 13 | 13.0
Conjurations   | 2 3 4 5 6 8 9 10 | 10.8
Dodging        | 2 4 |  4.9
Evocations     | 1 4 |  4.8
Stealth        | 3 6 7 |  7.1

Action                     |  1- 3 |  4- 6 |  7- 9 | 10-12 | 13-15 || total
---------------------------+-------+-------+-------+-------+-------++-------
  Melee: War axe           |     3 |     3 |       |       |       ||     6
         Mace              |       |       |     6 |    13 |     4 ||    23
   Cast: Sandblast         |    34 |    73 |   220 |   325 |   204 ||   856
         Stone Arrow       |       |       |     2 |       |       ||     2
         Petrify           |       |       |       |    29 |    22 ||    51
         Volatile Blastmot |       |       |       |       |     5 ||     5
         Fulminant Prism   |       |       |       |       |     1 ||     1
    Use: Scroll            |       |     5 |     8 |     9 |     4 ||    26
         Potion            |       |     3 |     2 |     4 |     2 ||    11
 Armour: Robe              |    11 |    16 |    62 |   110 |   122 ||   321
  Dodge: Dodged            |    10 |    23 |    62 |   147 |   118 ||   360
  Block: Other             |       |    11 |    32 |    37 |    26 ||   106
         Reflection        |       |     2 |     5 |     5 |     3 ||    15
